 Dungeon Crawl Stone Soup version 0.22-a0-185-ge330310d3a (webtiles) character file.

95 Fuhrer the Grave Robber (level 4, -1/36 HPs)
             Began as a Deep Dwarf Necromancer on Feb 15, 2018.
             Slain by aredel's ghost (4 damage)
             ... on level 4 of the Dungeon.
             The game lasted 00:16:22 (2970 turns).

Fuhrer the Grave Robber (Deep Dwarf Necromancer)    Turns: 2970, Time: 00:16:23

Health: -1/36      AC:  3    Str: 12    XL:     4   Next: 39%
Magic:  8/8        EV: 12    Int: 16    God:
Gold:   123        SH:  0    Dex: 13    Spells: 4/9 levels left

rFire    . . .     SeeInvis .   l - +0 hunting sling
rCold    . . .     Gourm    .   (no shield)
rNeg     . . .     Faith    .   a - +0 robe
rPois    .         Spirit   .   i - +1 hat
rElec    .         Reflect  .   (no cloak)
rCorr    .         Harm     .   (no gloves)
MR       +....                  (no boots)
Stlth    ++........             (no amulet)
HPRegen  0.00/turn              n - ring of protection from magic
MPRegen  0.11/turn              v - +2 ring of slaying

@: non-regenerating
A: damage resistance, heal wounds, sense surroundings 1, no regeneration
a: Heal Wounds


You were on level 4 of the Dungeon.
You were near starving.

You visited 1 branch of the dungeon, and saw 4 of its levels.

You collected 123 gold pieces.

Inventory:

Hand Weapons
 l - a +0 hunting sling (weapon)
 u - a +0 war axe
Missiles
 d - 24 poisoned needles
 k - 72 sling bullets (quivered)
Armour
 a - a +0 robe (worn)
 i - a +1 hat (worn)
Jewellery
 n - a ring of protection from magic (left hand)
 v - a +2 ring of slaying (right hand)
Wands
 m - a wand of enslavement (10)
 w - a wand of iceblast (6)
Scrolls
 e - 6 scrolls of remove curse {unknown}
 f - a scroll of enchant weapon {unknown}
 h - 3 scrolls of enchant armour {unknown}
 o - a scroll of magic mapping {unknown}
 q - 4 scrolls of teleportation {unknown}
 t - 3 scrolls of identify {unknown}
Potions
 g - 3 potions of mutation {unknown}
 j - 2 potions of agility {unknown}
 p - a potion of haste {unknown}
 r - a potion of curing {unknown}
 s - a potion of flight {unknown}
 x - a potion of might {unknown}
Books
 b - a book of Necromancy

   Spells                             Type                      Level
   a - Pain                           Necromancy                   1
   b - Animate Skeleton               Necromancy                   1
   c - Vampiric Draining              Necromancy                   3
   d - Regeneration                   Charms/Necromancy            3
   e - Animate Dead                   Necromancy                   4
Comestibles
 c - 8 rations


   Skills:
 - Level 2.1 Dodging
 - Level 2.4 Stealth
 - Level 3.0 Spellcasting
 + Level 5.5 Necromancy


You had 4 spell levels left.
You knew the following spells:

 Your Spells              Type           Power        Failure   Level  Hunger
a - Pain                  Necr           ###.         1%          1    #......
b - Vampiric Draining     Necr           ###.......   6%          3    ###....
c - Animate Skeleton      Necr           N/A          1%          1    #......


Dungeon Overview and Level Annotations

Branches:
Dungeon (4/15)
 Temple: D:4-7

Altars:
Ashenzari
Fedhas
Nemelex Xobeh
Trog

Annotations:
D:3 aredel's ghost, amateur FoFi
D:4 aredel's ghost, amateur FoFi


Innate Abilities, Weirdness & Mutations

You are resistant to damage.
You can heal yourself by infusing magical energy.
You passively map a small area around you.
You do not regenerate.


Message History

Found 23 sling bullets and a leather armour.
There is a stone staircase leading up here.
Firing (i - inventory)
k - 50 sling bullets (quivered)
Press: ? - help, Shift-Dir - straight line, f - orc
Aim: an orc, wielding a hand axe of venom (resting)
You shoot a sling bullet. The sling bullet hits the orc!
You kill the orc!
You are near starving!
k - 72 sling bullets (gained 23)
A howler monkey comes into view.
Found a stone staircase leading down.
Found a stone staircase leading down.
A bullfrog skeleton comes into view.
Aredel's ghost turns its malevolent gaze towards you.
Aredel's ghost shouts, "You must not succeed where I failed!"
Aredel's ghost screams, "Zot is a myth, the ORB is a fable, you'll soon be a tale!"
There is a stone staircase leading up here.
The bullfrog skeleton closely misses you.
Aredel's ghost hits you.
You die...

#.........# ########
#.......#.## #..........# , ,
#......#.#.## ,, #......#.#..#
, #......#..#.####### *
############.#.##....#
,,,#####.......####....#.##.#
, ,#.........@W...........#.#
, ,#..........Z...##......#.#
, #.......♣.♣....##...##.#.#
****#........♣......##..#..#.#
#................#.......# *
*#...♣..........♣..#..#####
#...h....♣♣.......[..♣♣....#
#...................(.....>#
#.........................


You could see aredel's ghost and a bullfrog skeleton.

Vanquished Creatures
  An ooze (D:2)
  A worm (D:4)
  5 dart slugs
  A leopard gecko (D:1)
  9 orcs
  A ball python (D:3)
  8 bats
  A giant cockroach (D:2)
  5 goblins
  9 hobgoblins
  6 kobolds
  A quokka (D:3)
  A frilled lizard (D:3)
  2 rats (D:3)
51 creatures vanquished.

Vanquished Creatures (collateral kills)
  An adder (D:3)
  A goblin (D:3)
  A kobold (D:2)
3 creatures vanquished.

Grand Total: 54 creatures vanquished

Notes
Turn   | Place    | Note
-------+----------+-------------------------------------------
     0 | D:1      | Fuhrer the Deep Dwarf Necromancer began the quest for the Orb.
     0 | D:1      | Reached XP level 1. HP: 15/15 MP: 3/3
   341 | D:1      | Reached XP level 2. HP: 20/22 MP: 0/5
  1093 | D:2      | Reached XP level 3. HP: 19/28 MP: 6/6
  1110 | D:2      | Reached skill level 5 in Necromancy
  1122 | D:2      | Learned a level 3 spell: Vampiric Draining
  1124 | D:2      | Learned a level 1 spell: Animate Skeleton
  1158 | D:2      | Found a bloodstained altar of Trog.
  1164 | D:2      | Found a blossoming altar of Fedhas.
  1164 | D:2      | Found a shattered altar of Ashenzari.
  1237 | D:2      | Found a sparkling altar of Nemelex Xobeh.
  1915 | D:3      | Reached XP level 4. HP: 9/36 MP: 8/8
  2100 | D:3      | Noticed aredel's ghost (amateur FoFi)
  2214 | D:4      | Noticed aredel's ghost (amateur FoFi)
  2970 | D:4      | Slain by aredel's ghost

Vault maps used:
D:1:      onia_arrival_pentagram, minmay_misc_feat_tower, minmay_split_cup_small
D:2:      nicolae_overflow_quartered_altars
D:3:      first_ration
D:4:      kennysheep_decorative_pillar, fedhas_altar_3

Skill      XL: |  1  2  3  4 |
---------------+-------------+-----
Spellcasting   | 2 3 |  3.0
Necromancy     | 5 |  5.5
Dodging        | |  2.1
Stealth        | |  2.4

Action                   |  1- 3 |  4- 6 || total
-------------------------+-------+-------++-------
Melee: War axe           |     3 |       ||     3
 Fire: Hunting sling     |    28 |    10 ||    38
 Cast: Pain              |    49 |     3 ||    52
       Animate Skeleton  |     4 |     9 ||    13
       Vampiric Draining |     3 |    14 ||    17
  Eat: Chunk             |     4 |     3 ||     7
Armor: Robe              |     7 |     4 ||    11
Dodge: Dodged            |    15 |    19 ||    34

Table legend:
 A = Spawn XP
 B = Non-spawn XP
 C = Spawn XP percentage of total XP
 D = Spawn monster count
 E = Non-spawn monster count
 F = Spawn count percentage of total count
 G = Total turns spent on level
                    A         B        C        D         E        F      G
               +---------+---------+-------+---------+---------+-------+---------
         Total |       0 |     136 |   0.0 |       0 |      54 |   0.0 |  2970
               +---------+---------+-------+---------+---------+-------+---------
           D:1 |       0 |      40 |   0.0 |       0 |      18 |   0.0 |  1031
           D:2 |       0 |      32 |   0.0 |       0 |      12 |   0.0 |   790
           D:3 |       0 |      56 |   0.0 |       0 |      22 |   0.0 |   939
           D:4 |       0 |       8 |   0.0 |       0 |       2 |   0.0 |   210
               +---------+---------+-------+---------+---------+-------+---------
